 Dungeon Crawl Stone Soup version 0.22-b1-26-g9dbaab1 (webtiles) character file.

160 Lew the Skirmisher (level 5, -1/42 HPs)
             Began as a Demonspawn Fighter on Aug 8, 2018.
             Was an Initiate of Gozag.
             Slain by a river rat (6 damage)
             ... in a sewer.
             The game lasted 00:08:46 (2585 turns).

Lew the Skirmisher (Demonspawn Fighter)             Turns: 2585, Time: 00:08:47

Health: -1/42      AC: 14    Str: 17      XL:     5   Next: 17%
Magic:  5/5        EV:  3    Int:  9 (12) God:    Gozag
Gold:   465        SH:  9    Dex: 11 (12) Spells: 4/4 levels left

rFire    . . .     SeeInvis .   a - +0 war axe
rCold    . . .     Gourm    .   c - +0 shield
rNeg     . . .     Faith    .   h - +0 plate armour
rPois    .         Spirit   .   (helmet restricted)
rElec    .         Reflect  .   (no cloak)
rCorr    .         Harm     .   (no gloves)
MR       .....                  (no boots)
Stlth    ..........             (no amulet)
HPRegen  0.14/turn              o - ring of flight
MPRegen  0.09/turn              (no ring)

@: berserk cooldown, slowed, very slow
A: hooves 1, horns 1, icy blue scales 2, clever 1
a: Potion Petition, Call Merchant, Bribe Branch, Renounce Religion, Evoke Flight


You were in a sewer.
You worshipped Gozag.
Gozag was aware of your devotion.
You were not hungry.

You visited 1 branch of the dungeon, and saw 3 of its levels.
You also visited: Sewer.

You collected 502 gold pieces.
You paid 37 gold pieces to Gozag.

Inventory:

Hand Weapons
 a - a +0 war axe (weapon)
Armour
 c - a +0 shield (worn)
 g - a cursed +0 chain mail
 h - a +0 plate armour (worn)
 k - a +0 pair of gloves
Jewellery
 o - a ring of flight (left hand)
Scrolls
 e - a scroll of identify
 i - 3 scrolls of teleportation
 j - a scroll of remove curse
 n - a scroll of enchant armour {unknown}
Potions
 b - 2 potions of haste
 d - 2 potions of might
 m - a potion of flight
 p - a potion of curing {unknown}
Comestibles
 f - 10 rations


   Skills:
 + Level 3.7 Fighting
 + Level 2.7 Axes
 + Level 3.4 Armour
 + Level 1.6 Dodging
 + Level 3.4 Shields


You had 4 spell levels left.
You didn't know any spells.
Your spell library was empty.

Dungeon Overview and Level Annotations

Branches:
Dungeon (3/15)

Altars:
Dithmenos
Gozag

Annotations:
D:3 Purgy


Innate Abilities, Weirdness & Mutations

You are mostly covered in icy blue scales. (AC +3)
You have large cloven feet.
You have a pair of small horns on your head.
Your mind is acute. (Int +2)


Message History

* * * LOW HITPOINT WARNING * * *
The river rat barely misses you. You block the river rat's attack.
The river rat twitches its whiskers.
You block the river rat's attack.
The river rat bites you but does no damage.
You hit the river rat. You kick the river rat.
The river rat is heavily wounded.
You closely miss the river rat.
The river rat twitches its whiskers.
You block the river rat's attack. The river rat bites you.
* * * LOW HITPOINT WARNING * * *
You block the river rat's attack.
The river rat bites you but does no damage.
You block the river rat's attack.
The river rat bites you but does no damage.
The river rat is distracted by the nearby gold.
The river rat is no longer distracted by gold.
The river rat bites you.
You die...
Your body crumbles into a pile of gold.

##### ### .....## #..##
......####..... #............ .
##.$$....# .. ..##..$.$...## #...
.............##......
≈.≈...rr......≈.≈≈≈.≈≈≈≈
≈≈≈≈≈≈≈≈≈≈≈≈≈...@.≈$≈.≈.≈≈≈≈≈≈≈≈≈
≈≈≈≈≈≈≈≈≈≈≈≈≈≈≈≈≈≈$≈≈≈≈≈≈≈≈≈≈≈≈≈≈
≈≈≈≈≈≈≈≈≈≈≈≈≈≈≈≈≈$$≈≈≈≈≈≈≈≈≈≈≈≈≈≈
≈≈≈≈≈≈≈≈≈≈≈≈≈≈≈.....$≈≈≈≈≈≈≈≈≈≈≈≈
≈≈≈≈≈≈≈≈≈≈≈≈≈≈.......≈..≈≈≈≈≈≈≈≈≈
≈≈≈≈.≈...≈≈≈≈..........≈≈≈.≈≈≈≈≈≈
..≈≈≈.........................≈≈≈
...............................(.
.........##......................


You could see 2 river rats.

Vanquished Creatures
  A gnoll (D:1)
  An adder (D:2)
  5 river rats (Sewer)
  3 worms
  2 dart slugs
  4 leopard geckos (D:3)
  3 bats (D:2)
  8 giant cockroaches
  7 goblins
  2 hobgoblins (D:3)
  7 jackals
  A quokka (D:3)
  2 ball pythons (Sewer)
  6 frilled lizards
  8 kobolds
  23 rats
83 creatures vanquished.

Notes
Turn   | Place    | Note
-------+----------+-------------------------------------------
     0 | D:1      | Lew the Demonspawn Fighter began the quest for the Orb.
     0 | D:1      | Reached XP level 1. HP: 18/18 MP: 1/1
   382 | D:1      | Gained mutation: You are partially covered in icy blue scales. (AC +2) [demonic ancestry]
   382 | D:1      | Reached XP level 2. HP: 24/24 MP: 2/2
   963 | D:2      | Found a shadowy altar of Dithmenos.
   988 | D:2      | Found an opulent altar of Gozag.
  1033 | D:2      | Became a worshipper of Gozag Ym Sagoz the Greedy
  1044 | D:2      | Reached XP level 3. HP: 24/29 MP: 3/3
  1070 | D:2      | Reached skill level 1 in Dodging
  1968 | D:3      | Gained mutation: You have large cloven feet. [potion of mutation]
  1968 | D:3      | Gained mutation: You have a pair of small horns on your head. [potion of mutation]
  1968 | D:3      | Gained mutation: Your mind is acute. (Int +2) [potion of mutation]
  2028 | D:3      | Reached XP level 4. HP: 35/35 MP: 4/4
  2173 | D:3      | Noticed Purgy
  2202 | D:3      | Found a glowing drain.
  2234 | Sewer    | Entered a sewer
  2562 | Sewer    | Gained mutation: You are mostly covered in icy blue scales. (AC +3) [demonic ancestry]
  2562 | Sewer    | Reached XP level 5. HP: 25/42 MP: 5/5
  2585 | Sewer    | Slain by a river rat

Skill      XL: |  1  2  3 |
---------------+----------+-----
Axes           | 2 |  2.7
Armour         | 3 |  3.4
Shields        | 3 |  3.4
Dodging        | 1 |  1.6
Fighting       | |  3.7

Action                   |  1- 3 |  4- 6 || total
-------------------------+-------+-------++-------
Melee: War axe           |   153 |   100 ||   253
       Kick              |       |    16 ||    16
       Headbutt          |       |    13 ||    13
  Use: Scroll            |     6 |       ||     6
       Potion            |     3 |     4 ||     7
  Eat: Ration            |     1 |     1 ||     2
Armor: Scale mail        |    18 |       ||    18
       Plate armour      |    90 |   123 ||   213
Dodge: Dodged            |    31 |    18 ||    49
Block: Shield            |    70 |    82 ||   152
